 Dungeon Crawl Stone Soup version 0.18.1-48-g4cf74bf (webtiles) character file.

83 Implojin the Chopper (level 4, -11/39 HPs)
             Began as a Minotaur Fighter on June 29, 2016.
             Mangled by an ogre
             ... wielding a +0 giant club
              (16 damage)
             ... on level 4 of the Dungeon.
             The game lasted 00:02:11 (368 turns).

Implojin the Chopper (Minotaur Fighter)              Turns: 368, Time: 00:02:11

Health: -11/39     AC:  6    Str: 26    XL:     4   Next: 22%
Magic:  3/3        EV:  7    Int:  5    God:
Gold:   33         SH: 10    Dex: 10    Spells: 0 memorised, 3 levels left

rFire  . . .     SeeInvis .     a - +1 war axe
rCold  . . .     Gourm    .     b - +0 scale mail
rNeg   . . .     Faith    .     c - +0 shield
rPois  .         Spirit   .     (helmet restricted)
rElec  .         Dismiss  .     e - -2 cloak (curse)
rCorr  .         Reflect  .     (no gloves)
SustAt .         Harm     .     (no boots)
MR     +....                    (no amulet)
Stlth  ..........               (no ring)
                                i - ring of protection from magic

@: mighty, very slightly contaminated, hasted, very quick, somewhat resistant to
hostile enchantments, extremely unstealthy
A: retaliatory headbutt, horns 2
a: no special abilities


You were on level 4 of the Dungeon.
You were not hungry.

You visited 1 branch of the dungeon, and saw 5 of its levels.

You collected 33 gold pieces.

Inventory:

Hand Weapons
 a - a +1 war axe (weapon)
Armour
 b - a +0 scale mail (worn)
 c - a +0 shield (worn)
 e - a cursed -2 cloak (worn)
Jewellery
 i - a ring of protection from magic (left hand)
Wands
 m - a wand of polymorph (14/24)
Scrolls
 g - a scroll of identify
Potions
 h - a potion of cancellation
 j - a potion of haste
 n - a potion of lignification {unknown}
Comestibles
 f - a bread ration
 k - a chunk of flesh
 l - 2 fruits


   Skills:
 - Level 3.6 Fighting
 * Level 5.5 Axes
 - Level 3.6 Armour
 - Level 3.6 Shields


You had 3 spell levels left.
You didn't know any spells.

Dungeon Overview and Level Annotations

Branches:
Dungeon (5/15)
 Temple: D:4-7

Altars:
Vehumet

Shops:
D:5 !


Innate Abilities, Weirdness & Mutations

You reflexively headbutt those who attack you in melee.
You have a pair of horns on your head.


Message History

You miss the adder. You hit the plant but do no damage.
You feel sick. The adder barely misses you. You furiously retaliate!
You headbutt the adder. You closely miss the adder.
The adder is heavily wounded.
You hit the plant.
The plant is lightly damaged.
You block the adder's attack.
You closely miss the adder.
The adder is heavily wounded.
You hit the plant.
The plant is lightly damaged.
The adder bites you.
* * * LOW HITPOINT WARNING * * *
You miss the adder.
The adder is heavily wounded.
You feel sick.
You are no longer poisoned.
The adder closely misses you. You furiously retaliate!
You headbutt the adder. You block the adder's attack.
Drink which item? (? for menu, Esc to quit)
Okay, then.
Drink which item? (? for menu, Esc to quit)
You feel very mighty all of a sudden.
You slash the adder!
You kill the adder!
You hit the plant.
The plant is lightly damaged.
You slash the plant!
The plant is moderately damaged.
Your shield and scale mail prevent you from hitting the ogre.
You slash the plant!
The plant is heavily damaged.
The ogre hits you with a giant club.
* * * LOW HITPOINT WARNING * * *
You slash the ogre! You headbutt the ogre!
The ogre is severely wounded.
You hit the plant but do no damage.
The plant is heavily damaged.
The ogre hits you with a giant club!
You die...

#)#.#####)........#
#.#.#...+.........#
#.#.#.###.........#
#.#....<..........#
######.#.#.#.##.#.######
#.P...P.....P...#.....#
#PPPP≈≈≈PP....#######.##
#P.P.≈≈≈≈≈≈P...........#
......≈≈≈≈≈≈≈≈.P@##########
####.≈≈≈≈≈≈≈≈≈≈O##
#.P≈≈≈≈≈≈≈≈≈†.#
....P.≈≈≈≈≈≈≈..#
####$..P≈≈≈≈≈P..#
......≈≈≈....#
#.P..P≈≈≈.....# .≈...P..P#
.P..PPP..#


You could see an ogre.

Vanquished Creatures
  An orc priest (D:4)
  4 adders
  2 giant geckos
  3 orcs (D:5)
  A goblin (D:3)
  A hobgoblin (D:2)
  A quokka (D:3)
  A ball python (D:3)
  A giant newt (D:5)
  A kobold (D:3)
  A rat (D:3)
17 creatures vanquished.

Notes
Turn   | Place    | Note
--------------------------------------------------------------
     0 | D:1      | Implojin the Minotaur Fighter began the quest for the Orb.
     0 | D:1      | Reached XP level 1. HP: 19/19 MP: 0/0
     5 | D:1      | You fall through a shaft!
    14 | D:2      | Reached skill level 3 in Axes
    14 | D:2      | Reached XP level 2. HP: 16/26 MP: 1/1
    93 | D:3      | Found a radiant altar of Vehumet.
   158 | D:4      | Reached skill level 4 in Axes
   241 | D:4      | Reached XP level 3. HP: 24/31 MP: 2/2
   281 | D:5      | Entered Level 5 of the Dungeon
   281 | D:5      | Found Qaredeyxaeq's Distillery.
   300 | D:4      | Reached skill level 5 in Axes
   350 | D:4      | Reached XP level 4. HP: 10/39 MP: 3/3
   352 | D:4      | Noticed an ogre
   368 | D:4      | Mangled by an ogre

Skill      XL: |  1  2  3 |
---------------+----------+-----
Axes           | 3 4 5 |  5.5
Fighting       | |  3.6
Armour         | |  3.6
Shields        | |  3.6

Action                   |  1- 3 |  4- 6 || total
-------------------------+-------+-------++-------
Melee: War axe           |    53 |     7 ||    60
       Headbutt          |     6 |     1 ||     7
  Use: Scroll            |     4 |       ||     4
       Potion            |       |     2 ||     2
Armor: Scale mail        |    24 |     1 ||    25
Dodge: Dodged            |    12 |     2 ||    14
Block: Shield            |    28 |     2 ||    30

Table legend:
 A = Turns spent in this place as a percentage of turns spent in the entire game.
 B = Non-inter-level travel turns spent in this place as a percentage of non-inter-level travel turns spent in the entire game.
 C = Inter-level travel turns spent in this place as a percentage of turns spent in this place.
 D = Turns resting spent in this place as a percentage of non-inter-level travel turns spent in this place.
 E = Turns spent auto-exploring this place as a percentage of non-inter-level travel turns spent in this place.
 F = Non-inter-level travel turns spent in this place divided by the number of levels of this place that you've seen.
                   A       B       C       D       E      F
               +-------+-------+-------+-------+-------+----------------------
         Total | 100.0 | 100.0 |   0.0 |   0.0 |   0.0 |  74.4
       Dungeon | 100.0 | 100.0 |   0.0 |   0.0 |   0.0 |  74.4
               +-------+-------+-------+-------+-------+----------------------

Table legend:
 A = Kills in this place as a percentage of kills in entire the game.
 B = Kills by you in this place as a percentage of kills by you in the entire game.
 C = Kills by friends in this place as a percentage of kills by friends in the entire game.
 D = Other kills in this place as a percentage of other kills in the entire game.
 E = Experience gained in this place as a percentage of experience gained in the entire game.
 F = Experience gained in this place divided by the number of levels of this place that you have seen.
                   A       B       C       D       E      F
               +-------+-------+-------+-------+-------+----------------------
         Total | 100.0 | 100.0 |  -nan |  -nan | 100.0 |  23.8
       Dungeon | 100.0 | 100.0 |  -nan |  -nan | 100.0 |  23.8
               +-------+-------+-------+-------+-------+----------------------
